Map: 2000 Atmospheres LE

Players

AlexZugas

  • Race: Terran Terran
  • League: Diamond

ViBE - Winner!

  • Race: Zerg Zerg
  • League: Master

VOD

Have the link to the VOD?

Description

Time

  • Played on: May 4, 2021, 9:03 p.m.
  • Length: 5:12
Show
View Real Time Build Order
Export as new Build Order

AlexZugas Terran 

Build Orders: Reaper Expand 

Get SALT Encoding   

  12  0:00  SCV  
  13  0:12  SCV  
  14  0:16  Supply Depot  
  14  0:26  SCV  
  15  0:38  SCV  
  16  0:43  Barracks  
  16  0:46  Refinery  
  16  0:50  SCV  
  17  1:03  SCV  
  18  1:15  SCV  
  19  1:29  Orbital Command  
  19  1:30  Reaper  
  20  1:40  Command Center  
  20  1:51  Barracks  
  20  1:55  SCV  
  21  2:03  Supply Depot  
  21  2:05  Marine  
  22  2:16  Factory  
  22  2:19  SCV  
  23  2:24  Refinery  
  23  2:31  SCV  
  23  2:32  Barracks Reactor  
  24  2:40  Barracks Tech Lab  
  24  2:43  SCV  
  25  2:53  Orbital Command  
  25  2:56  SCV  
  26  3:00  Stimpack  
  26  3:09  SCV, Marine  
  26  3:10  Marine x2  
  30  3:18  Starport  
  30  3:21  SCV  
  30  3:26  SCV  
  32  3:28  Factory Reactor  
  32  3:33  SCV  
  33  3:38  SCV, Marine x3  
  36  3:45  SCV  
  37  3:50  SCV  
  38  3:57  SCV  
  38  3:58  Marine x2, Supply Depot  
  38  3:59  Marine  
  38  4:00  Supply Depot  
  38  4:02  SCV  
  43  4:10  Factory Tech Lab  
  43  4:11  SCV  
  43  4:14  SCV  
  45  4:20  Medivac x2  
  45  4:22  Marine x3  
  52  4:25  Supply Depot  
  52  4:26  Supply Depot  
  51  4:34  Siege Tank  
  54  4:45  Marine  
  34  4:55  Supply Depot  
  34  4:56  Supply Depot  
Show
View Real Time Build Order
Export as new Build Order

ViBE Zerg - Winner!

Build Orders: Hatch First, Zergling Baneling 

Get SALT Encoding   

  12  0:00  Drone  
  13  0:12  Overlord  
  13  0:18  Drone  
  14  0:31  Drone x2  
  16  0:36  Drone  
  17  0:52  Hatchery  
  17  0:55  Drone  
  17  0:59  Drone  
  18  1:10  Extractor  
  17  1:14  Spawning Pool  
  17  1:16  Drone  
  17  1:19  Drone  
  18  1:28  Drone  
  19  1:39  Drone  
  20  1:59  Overlord  
  20  2:04  Drone, Queen  
  20  2:05  Queen  
  20  2:06  Drone  
  26  2:09  Metabolic Boost  
  26  2:14  Drone  
  27  2:16  Zergling x2  
  28  2:29  Zergling x2  
  28  2:31  Drone  
  29  2:38  Drone  
  29  2:41  Hatchery  
  29  2:50  Drone x3  
  32  2:56  Baneling Nest  
  31  3:07  Drone x3  
  31  3:11  Queen  
  36  3:18  Overlord  
  36  3:20  Overlord  
  36  3:24  Overlord  
  36  3:36  Zergling x10  
  41  3:41  Zergling x2  
  41  3:42  Zergling x2  
  43  3:52  Zergling x4  
  45  3:57  Zergling x4  
  45  3:58  Zergling x4  
  49  4:04  Zergling x6  
  49  4:05  Zergling x6  
  55  4:11  Zergling x2  
  55  4:13  Baneling x6  
  55  4:14  Baneling x2  
  55  4:16  Baneling x2  
  56  4:17  Baneling  
  56  4:19  Baneling  
  56  4:31  Zergling x12  
  61  4:40  Zergling x2  
  61  4:41  Zergling x8  
  61  4:52  Zergling x10  
Tags
 
Add a new tag
Caveats
  • Supply blocks, unpowered buildings, or Contaminate may cause inaccurate times.
  • Supply counts are checked every 10 seconds.